AoeStats
← 一剑扫秋风nelson

Black Forest

508841974Analyzed
4v4 RM · 7d ago on Sep 24, 2026· 26m 53s· 8 players
Game mode
Random Map
Map size
Large (8 player)
Population
200
Speed
Normal
Resources
Standard
Victory
Conquest
Starting age
Dark Age
Ending age
Imperial Age
RankedLock teamsTeams togetherTeam positionsShared explorationLock speedFull tech treeHidden civsTurbo modeCheats
Victory
Defeat
🇨🇳 Shu · China
1953
+7
1902
+9
🇨🇳 Mongols · China
1855
+11
🇺🇦 Franks · Ukraine
1827
+12
🇨🇳 Cumans · China
1767
-11
1755
-10
🇨🇳 Lithuanians · China
1738
-10
🇦🇷 Tatars · Argentina
1699
-8
一剑扫秋风nelson
7:48 Loom
10:46 Feudal Age
10:52 Man-at-Arms
11:49 Double-Bit Axe
14:19 Fletching
15:55 Wheelbarrow
15:28 Padded Archer Armor
15:16 Arson
21:36 Castle Age
21:35 Gold Mining
21:42 Crossbowman
22:19 Bodkin Arrow
25:10 Leather Archer Armor
26:29 Gold Shaft Mining
lxnmnk Trade | B | S
1:09 Loom
12:22 Feudal Age
17:19 Castle Age
15:08 Double-Bit Axe
18:36 Wheelbarrow
18:13 Bow Saw
< blank >
10:08 Feudal Age
14:01 Castle Age
11:49 Double-Bit Axe
12:40 Horse Collar
14:59 Bow Saw
16:43 Wheelbarrow
18:01 Heavy Plow
22:55 Town Watch
28:17 Imperial Age
25:34 Loom
25:49 Stone Mining
25:54 Gold Mining
26:37 Heavy Plow
CNZS_骑士老爷_帝国时代2
3:38 Double-Bit Axe
10:18 Feudal Age
11:58 Bow Saw
14:29 Castle Age
14:05 Horse Collar
19:08 Wheelbarrow
20:04 Gold Mining
21:06 Heavy Plow
25:33 Imperial Age
23:43 Hand Cart
24:12 Guilds
26:20 Padded Archer Armor
27:21 Chemistry
27:58 Gold Shaft Mining
_Ares_大锤
6:48 Loom
10:20 Feudal Age
10:24 Man-at-Arms
10:50 Double-Bit Axe
13:28 Fletching
21:26 Castle Age
19:23 Gold Mining
19:47 Horse Collar
21:08 Stone Mining
23:46 Bow Saw
25:28 Heavy Plow
ARKINE
6:21 Loom
11:29 Feudal Age
12:21 Double-Bit Axe
15:00 Castle Age
14:43 Horse Collar
16:21 Bow Saw
16:46 Heavy Plow
21:11 Wheelbarrow
22:56 Hand Cart
23:17 Gold Mining
23:19 Stone Mining
28:30 Imperial Age
25:47 Town Watch
26:49 Stone Shaft Mining
26:48 Scale Barding Armor
27:29 Forging
C15-kyosokyoku
5:42 Loom
8:50 Feudal Age
9:38 Double-Bit Axe
9:41 Loom
9:50 Double-Bit Axe
12:11 Horse Collar
20:52 Castle Age
20:15 Bloodlines
21:22 Wheelbarrow
21:35 Scale Barding Armor
23:57 Chain Barding Armor
24:06 Forging
24:19 Capped Ram
种田人口才是基本盘
4:45 Loom
11:07 Feudal Age
16:44 Forging
16:22 Double-Bit Axe
17:09 Forging
19:23 Scale Barding Armor
22:27 Horse Collar
27:57 Castle Age
Connection lost

Rejoining the realm…

Still unreachable

The connection could not be restored.

Session expired

The server has moved on; the page needs a fresh start.